 Dungeon Crawl Stone Soup version 0.23-a0-78-gc252fe1 (webtiles) character file.

56 galech the Insei (level 3, 0/31 HPs)
             Began as a Gnoll Wanderer on Aug 10, 2018.
             Slain by a gnoll (7 damage)
             ... on level 2 of the Dungeon.
             The game lasted 00:02:12 (2063 turns).

galech the Insei (Gnoll Wanderer)                   Turns: 2063, Time: 00:02:13

Health: 0/31       AC:  3    Str: 14    XL:     3   Next: 95%
Magic:  4/4        EV:  9    Int: 13    God:
Gold:   87         SH:  8    Dex: 16    Spells: 4/4 levels left

rFire    . . .     SeeInvis .   e - +0 dagger
rCold    . . .     Gourm    .   b - +0 shield
rNeg     . . .     Faith    .   d - +0 robe
rPois    .         Spirit   .   g - +0 helmet
rElec    .         Reflect  .   (no cloak)
rCorr    .         Harm     .   (no gloves)
MR       .....                  (no boots)
Stlth    ++........             (no amulet)
HPRegen  0.10/turn              (no ring)
MPRegen  0.09/turn              (no ring)

@: no status effects
A: distributed training, fangs 1, strong nose
a: no special abilities


You were on level 2 of the Dungeon.
You were not hungry.

You visited 1 branch of the dungeon, and saw 2 of its levels.

You collected 87 gold pieces.

Inventory:

Hand Weapons
 e - a +0 dagger (weapon)
Armour
 b - a +0 shield (worn)
 d - a +0 robe (worn)
 g - a +0 helmet (worn)
Wands
 h - a wand of polymorph (11)
Scrolls
 a - 2 scrolls of remove curse {unknown}
 i - 2 scrolls of enchant armour {unknown}
 j - a scroll of identify {unknown}
 k - a scroll of teleportation {unknown}
 n - a scroll of blinking {unknown}
Potions
 c - a potion of curing
 l - 2 potions of heal wounds {unknown}
 m - a potion of agility {unknown}
 o - a potion of might {unknown}
 p - a potion of ambrosia {unknown}
Comestibles
 f - 4 rations


   Skills:
 + Level 4.6 Fighting
 + Level 1.0 Short Blades
 + Level 1.0 Long Blades
 + Level 1.0 Axes
 + Level 1.0 Maces & Flails
 + Level 1.0 Polearms
 + Level 1.0 Staves
 + Level 1.0 Slings
 + Level 1.0 Bows
 + Level 1.0 Crossbows
 + Level 1.0 Throwing
 + Level 1.0 Armour
 + Level 1.0 Dodging
 + Level 2.4 Stealth
 + Level 2.6 Shields
 + Level 6.5 Unarmed Combat
 + Level 1.0 Spellcasting
 + Level 2.1 Conjurations
 + Level 0.7 Hexes
 + Level 0.7 Charms
 + Level 3.8 Summonings
 + Level 0.7 Necromancy
 + Level 0.7 Translocations
 + Level 0.7 Transmutations
 + Level 0.7 Fire Magic
 + Level 0.7 Ice Magic
 + Level 0.7 Air Magic
 + Level 0.7 Earth Magic
 + Level 0.7 Poison Magic
 + Level 1.0 Invocations
 + Level 1.0 Evocations


You had 4 spell levels left.
You didn't know any spells.
Your spell library contained the following spells:

 Spells                   Type           Power        Failure   Level  Hunger
 Magic Dart               Conj           #...         50%         1    ##.....
 Apportation              Tloc           #.....       71%         1    ##.....
 Conjure Flame            Conj/Fire      #.......     92%         3    ####...
 Slow                     Hex            #.......     83%         2    ###....
 Mephitic Cloud           Conj/Pois/Air  #.......     94%         3    ####...
 Blink                    Tloc           N/A          83%         2    ###....
 Call Imp                 Summ           ##......     41%         2    ###....
 Recall                   Summ/Tloc      N/A          85%         3    ####...


Dungeon Overview and Level Annotations

Branches:
Dungeon (2/15)

Altars:
Nemelex Xobeh


Innate Abilities, Weirdness & Mutations

Your experience applies equally to all skills.
You have very sharp teeth.
Your uncanny sense of smell can sniff out nearby items.


Message History

You are too injured to fight recklessly!
You are too injured to fight recklessly!
You are too injured to fight recklessly!
You are too injured to fight recklessly!
You are too injured to fight recklessly!
You are too injured to fight recklessly!
You are too injured to fight recklessly!
You are too injured to fight recklessly!
You are too injured to fight recklessly!
You are too injured to fight recklessly!
You are too injured to fight recklessly!
You hit the gnoll but do no damage.
The gnoll is lightly wounded.
The gnoll hits you.
* * * LOW HITPOINT WARNING * * *
The gnoll barely misses you.
You hit the gnoll.
The gnoll is moderately wounded.
The gnoll hits you!
You die...

#####.###.#..#.##.##.#
#.###.#..........#
#.........###.####
#######..####.# #.......#
######### ##.######
#....<..# #.#
#.#####.#### #.#
#.#####.##@## #.#########
#.##.....g#g# #..........
#.##.##.##.####..########
#.##.##.##.###...##
#.#.....##.##.....#
#.......##g###...##
###.###.##g# ##..#
#.....##.####>.#
#####.##...g.g.#


You could see 2 gnolls.

Vanquished Creatures
  2 adders (D:2)
  A worm (D:2)
  2 dart slugs
  A giant cockroach (D:2)
  4 goblins (D:1)
  3 hobgoblins (D:1)
  5 jackals (D:1)
  4 kobolds (D:1)
  A bat (D:2)
  2 frilled lizards (D:1)
  5 rats
30 creatures vanquished.

Notes
Turn   | Place    | Note
-------+----------+-------------------------------------------
     0 | D:1      | galech the Gnoll Wanderer began the quest for the Orb.
     0 | D:1      | galech set off with: a potion of curing, a +0 robe, a +0 dagger, a ration
     0 | D:1      | Reached XP level 1. HP: 20/20 MP: 1/1
    52 | D:1      | HP: 1/20 [dart slug (2)]
    53 | D:1      | Reached XP level 2. HP: 1/26 MP: 2/2
  1151 | D:1      | Reached XP level 3. HP: 22/31 MP: 3/3
  1548 | D:2      | Reached skill level 1 in Invocations
  1708 | D:2      | Found a sparkling altar of Nemelex Xobeh.
  1973 | D:2      | Reached skill level 1 in Short Blades
  1973 | D:2      | Reached skill level 1 in Long Blades
  1973 | D:2      | Reached skill level 1 in Axes
  1973 | D:2      | Reached skill level 1 in Maces & Flails
  1973 | D:2      | Reached skill level 1 in Polearms
  1973 | D:2      | Reached skill level 1 in Staves
  1973 | D:2      | Reached skill level 1 in Slings
  1973 | D:2      | Reached skill level 1 in Bows
  1973 | D:2      | Reached skill level 1 in Crossbows
  1973 | D:2      | Reached skill level 1 in Throwing
  1973 | D:2      | Reached skill level 1 in Armour
  1973 | D:2      | Reached skill level 1 in Dodging
  1973 | D:2      | Reached skill level 1 in Spellcasting
  1973 | D:2      | Reached skill level 1 in Evocations
  2063 | D:2      | Slain by a gnoll

Vault maps used:
D:1:      saegor_arrival_simple_d, grunt_decor_cap
D:2:      nicolae_overflow_crystal_walls, first_ration, grunt_decor_one_mirror,
          skrybe_limestone_x, minmay_pentomino_w4

Skill      XL: |  1  2  3 |
---------------+----------+-----
Conjurations   | 2 |  2.1
Invocations    | 1 |  1.0
Short Blades   | 1 |  1.0
Long Blades    | 1 |  1.0
Axes           | 1 |  1.0
Maces & Flails | 1 |  1.0
Polearms       | 1 |  1.0
Staves         | 1 |  1.0
Slings         | 1 |  1.0
Bows           | 1 |  1.0
Crossbows      | 1 |  1.0
Throwing       | 1 |  1.0
Armour         | 1 |  1.0
Dodging        | 1 |  1.0
Spellcasting   | 1 |  1.0
Evocations     | 1 |  1.0
Fighting       | |  4.6
Stealth        | |  2.4
Shields        | |  2.6
Unarmed Combat | |  6.5
Hexes          | |  0.7
Charms         | |  0.7
Summonings     | |  3.8
Necromancy     | |  0.7
Translocations | |  0.7
Transmutations | |  0.7
Fire Magic     | |  0.7
Ice Magic      | |  0.7
Air Magic      | |  0.7
Earth Magic    | |  0.7
Poison Magic   | |  0.7

Action                   || total
-------------------------++-------
Melee: Dagger            ||   224
       Bite              ||    22
       Punch             ||     2
 Stab: Sleeping          ||     2
  Eat: Chunk             ||     4
Armor: Robe              ||    48
Dodge: Dodged            ||   105
Block: Shield            ||    88

Table legend:
 A = Non-vault XP
 B = Vault XP
 C = Vault XP percentage of total XP
 D = Non-vault monster count
 E = Vault monster count
 F = Vault count percentage of total count
 G = Total turns spent on level
                 A         B        C        D         E       F
            +---------+---------+-------+---------+---------+-------
      Total |      80 |       0 |   0.0 |      30 |       0 |   0.0
            +---------+---------+-------+---------+---------+-------
        D:1 |      40 |       0 |   0.0 |      22 |       0 |   0.0
        D:2 |      40 |       0 |   0.0 |       8 |       0 |   0.0
            +---------+---------+-------+---------+---------+-------
